 Dungeon Crawl Stone Soup version 0.29.1-15-g9cfb28693d (webtiles) character file.

Game seed: 4100671960743761629

107 hawla the Chiller (level 5, -1/39 HPs)
             Began as a Meteoran Ice Elementalist on Apr 4, 2023.
             Killed from afar by Blork the orc (8 damage)
             ... with a puff of frost
             ... on level 4 of the Dungeon.
             The game lasted 00:05:55 (711 turns).

hawla the Chiller (Meteoran Ice Elementalist)        Turns: 711, Time: 00:05:55

Health: -1/39      AC:  2    Str: 10    XL:     5   Next: 33%
Magic:  7/12       EV: 12    Int: 18    God:
Gold:   84         SH:  0    Dex: 14    Spells: 8/12 levels left

rFire   . . .      SeeInvis .   (no weapon)
rCold   . . .      Faith    .   (no shield)
rNeg    . . .      Spirit   .   a - +0 robe
rPois   .          Reflect  .   (no helmet)
rElec   .          Harm     .   (no cloak)
rCorr   .          Rampage  .   (no gloves)
Will    .....                   (no boots)
Stlth   +.........              (no amulet)
HPRegen 0.13/turn               (no ring)
MPRegen 0.13/turn               (no ring)

@: glowing
A: sense surroundings 1, otherworldly, glowing, explore regen
a: no special abilities


You were on level 4 of the Dungeon.
You visited 1 branch of the dungeon, and saw 4 of its levels.

You collected 84 gold pieces.

Inventory:

Armour
 a - a +0 robe (worn)
Scrolls
 e - 2 scrolls of enchant armour {unknown}
 h - 3 scrolls of identify {unknown}
 i - 4 scrolls of noise {unknown}
 k - 2 scrolls of teleportation {unknown}
 l - a scroll of amnesia {unknown}
Potions
 b - a potion of magic
 c - a potion of curing {unknown}
 d - 2 potions of heal wounds
 f - a potion of ambrosia {unknown}
 g - a potion of haste {unknown}
 j - a potion of might {unknown}


   Skills:
 + Level 0.4 Fighting
 + Level 2.8 Dodging
 - Level 1.4 Stealth
 + Level 4.2 Spellcasting
 + Level 5.6 Ice Magic


You had 8 spell levels left.
You knew the following spells:

 Your Spells              Type           Power      Damage    Failure   Level
a - Freeze                Ice            96%        1d11      1%          1
b - Frozen Ramparts       Ice            48%        1d8       4%          3

Your spell library contained the following spells:

 Spells                   Type           Power      Damage    Failure   Level
 Ozocubu's Armour         Ice            24%        N/A       4%          3
 Slow                     Hex            12%        N/A       14%         1
 Confusing Touch          Hex            3%         N/A       41%         3
 Ignite Poison            Fire/Tmut/Pois 3%         N/A       41%         3
 Mephitic Cloud           Conj/Pois/Air  3%         N/A       41%         3
 Vampiric Draining        Necr           3%         2d6       41%         3
 Hailstorm                Conj/Ice       13%        3d5       41%         4
 Freezing Cloud           Conj/Ice/Air   5%         6-21      88%         5
 Malign Gateway           Summ/Tloc      1%         N/A       100%        7
 Summon Horrible Things   Summ           1%         N/A       100%        8


Dungeon Overview and Level Annotations

Branches:
Dungeon (4/15) Zot: 1688
 Temple: D:4-7

Altars:
Wu Jian

Shops:
D:2 (

Annotations:
D:4 Blork the orc


Innate Abilities, Weirdness & Mutations

You passively map a small area around you.
You are easily found by Zot.
You glow in the dark.
You regain HP and MP as you explore.


Message History

Blork the orc casts a spell at you. The puff of flame hits you!
The wall freezes Blork the orc.
Casting: Frozen Ramparts (dangerous; 4% risk of failure)
Confirm with . or Enter, or press ? or * to list all spells.
Aiming: Freeze (safe; 1% risk of failure)
Press: ? - help, Shift-Dir - straight line, f - Blork the orc
Aim: Blork the orc, wielding a +0 dire flail of holy wrath and wearing a +0 robe (lightly wounded, fast)
You freeze Blork the orc.
Blork the orc is moderately wounded.
The wall freezes Blork the orc but does no damage.
Blork the orc hits you with a +0 dire flail of holy wrath!
Casting: Freeze (safe; 1% risk of failure)
Confirm with . or Enter, or press ? or * to list all spells.
Aiming: Freeze (safe; 1% risk of failure)
Press: ? - help, Shift-Dir - straight line, f/p - Blork the orc
Aim: Blork the orc, wielding a +0 dire flail of holy wrath and wearing a +0 robe (moderately wounded, fast)
You freeze Blork the orc.
Blork the orc is heavily wounded.
The wall freezes Blork the orc.
Blork the orc casts a spell at you. The puff of flame hits you.
The wall freezes Blork the orc.
Blork the orc hits you with a +0 dire flail of holy wrath!
* * * LOW HITPOINT WARNING * * *
It was a potion of heal wounds.
You feel much better.
The wall freezes Blork the orc.
Blork the orc casts a spell at you. The magic dart hits you!
* * * LOW HITPOINT WARNING * * *
Casting: Freeze (safe; 1% risk of failure)
Confirm with . or Enter, or press ? or * to list all spells.
Aiming: Freeze (safe; 1% risk of failure)
Press: ? - help, Shift-Dir - straight line, f/p - Blork the orc
Aim: Blork the orc, wielding a +0 dire flail of holy wrath and wearing a +0 robe (almost dead, fast)
You freeze Blork the orc.
Blork the orc is almost dead.
The frozen ramparts melt away.
Blork the orc points at you and mumbles some strange words.
The puff of frost hits you!
You die...

*#.........# #.........##
#..........# #.........##
#..........# # #
#........o# # ## #....#
** # .## ###o## # ..##
#@.# # ...# #..### ####
...## ### ##....# **
##.#. ....#
##.###..##.##, ##....
....# ##...#####...#.#
#..... ...##
#..⌠.......⌠...#####.....
..##
##...#####...#...........
..# ##.##
##.####......... .## #.#
#.# ###.......


You could see Blork the orc (fast).

Vanquished Creatures
  An iguana (D:4)
  Natasha (D:4)
  3 adders
  A worm (D:2)
  A dart slug (D:4)
  An orc (D:3)
  2 endoplasms
  A giant cockroach (D:2)
  2 hobgoblins (D:1)
  4 ball pythons
  A bat (D:2)
  2 frilled lizards (D:1)
  4 goblins
  A kobold (D:1)
  3 rats (D:1)
28 creatures vanquished.

Notes
Turn   | Place    | Note
-------+----------+-------------------------------------------
     0 | D:1      | hawla the Meteoran Ice Elementalist began the quest for the
                  | Orb.
     0 | D:1      | Reached XP level 1. HP: 14/14 MP: 5/5
    47 | D:1      | Reached XP level 2. HP: 18/20 MP: 1/6
   146 | D:2      | Reached skill level 5 in Ice Magic
   146 | D:2      | Reached XP level 3. HP: 16/26 MP: 1/8
   203 | D:2      | Learned a level 3 spell: Frozen Ramparts
   214 | D:2      | Found Jaopiav's Weapon Emporium.
   245 | D:3      | Found an ornate altar of the Wu Jian Council.
   269 | D:3      | Reached XP level 4. HP: 33/33 MP: 5/10
   455 | D:4      | Noticed Natasha
   459 | D:4      | Killed Natasha
   515 | D:4      | Reached XP level 5. HP: 39/39 MP: 8/12
   696 | D:4      | Noticed Blork the orc
   709 | D:4      | HP: 1/39 [Blork the orc/+0 dire flail of holy wrath (12)]
   711 | D:4      | Killed from afar by Blork the orc

Illustrated notes

Levels and vault maps discovered:
D:1:      moated_graveyard_arrival, layout_basic
D:2:      layout_loops_ring, serial_shops, nicolae_shop_hallway_stairs,
          kennysheep_generic_room_5
D:3:      layout_loops_ring, pdpol_wu_jian_five_deadly_venoms,
          dreamdust_ecumenical_altar_sealed_demon, minivault_23, uniq_jessica,
          uniq_grinder, uniq_crazy_yiuf_cottage
D:4:      layout_cave_pods, minmay_misc_feat_tower, uniq_blork_the_orc,
          uniq_natasha

Skill      XL: |  1  2  3  4 |
---------------+-------------+-----
Spellcasting   | 3 4 |  4.2
Ice Magic      | 5 |  5.6
Fighting       | |  0.4
Dodging        | |  2.8
Stealth        | |  1.4

Action                   |  1- 3 |  4- 6 || total
-------------------------+-------+-------++-------
Melee: Unarmed           |     7 |       ||     7
 Cast: Freeze            |    27 |    12 ||    39
       Frozen Ramparts   |     3 |     5 ||     8
  Use: Potion            |       |     1 ||     1
Armor: Robe              |    10 |       ||    10
Dodge: Dodged            |    16 |     4 ||    20
